3AAA
PORT ROYAL DISASTER @ PURE MICHIGAN GREAT LAKERS
09/05/2032
 
TOP OF THE 1ST
Port Royal Disaster batting - Pitching for Pure Michigan Great Lakers : RHP Paul Dudding
Pitching: RHP Paul Dudding
Batting: RHB Loren Stallings 0-0: Ball
1-0: Foul Ball, location: 2F
1-1: Fly out, F7 (Flyball, 78M)
Batting: RHB Mike Case 0-0: Called Strike
0-1: Called Strike
0-2: Fly out, F9 (Flyball, 9LS)
Batting: RHB Gary Chalmers 0-0: Called Strike
0-1: Fly out, F7 (Flyball, 7)
Top of the 1st over - 0 runs, 0 hits, 0 errors, 0 left on base; Port Royal 0 - Pure Michigan 0
BOTTOM OF THE 1ST
Pure Michigan Great Lakers batting - Pitching for Port Royal Disaster : RHP Kevin Samuels
Pitching: RHP Kevin Samuels
Batting: LHB Michael Cochran 0-0: Called Strike
0-1: Called Strike
0-2: Ground out 5-3 (Groundball, 56)
Batting: RHB Dan Hendricks 0-0: Called Strike
0-1: Ball
1-1: Ball
2-1: Swinging Strike
2-2: Foul Ball, location: 2F
2-2: Ball
3-2: Fly out, F8 (Flyball, 78D)
Batting: RHB Alco Compagne 0-0: SOLO HOME RUN (Flyball, 7D), Distance : 378 ft
Batting: LHB Dudley Gardner 0-0: Ball
1-0: Ball
2-0: Ball
3-0: Base on Balls
Batting: SHB Allen Pandey 0-0: SINGLE (Line Drive, 8RS)
Dudley Gardner to second
Batting: SHB Cyrille Baffi 0-0: Fly out, F9 (Flyball, 9LS)
Bottom of the 1st over - 1 run, 2 hits, 0 errors, 2 left on base; Port Royal 0 - Pure Michigan 1
TOP OF THE 2ND
Port Royal Disaster batting - Pitching for Pure Michigan Great Lakers : RHP Paul Dudding
Batting: SHB Jesús Rodríguez 0-0: Ball
1-0: Foul Ball, location: 2F
1-1: Foul Ball, location: 2F
1-2: Foul Ball, location: 2F
1-2: Strikes out swinging
Batting: SHB Ramón García 0-0: Ground out U3 (Groundball, 34)
Batting: LHB Ricky Payton 0-0: Ball
1-0: Foul Ball, location: 2F
1-1: SINGLE (Groundball, 34D)
Batting: RHB Nelson Abbey 0-0: Foul Ball, location: 2F
0-1: Ball
1-1: Ball
2-1: Foul Ball, location: 2F
2-2: Ground out 1-3 (Groundball, 13)
Top of the 2nd over - 0 runs, 1 hit, 0 errors, 1 left on base; Port Royal 0 - Pure Michigan 1
BOTTOM OF THE 2ND
Pure Michigan Great Lakers batting - Pitching for Port Royal Disaster : RHP Kevin Samuels
Batting: RHB Hamilton Swan 0-0: Called Strike
0-1: Called Strike
0-2: Ball
1-2: Ball
2-2: Foul Ball, location: 2F
2-2: DOUBLE (Line Drive, 7LM)
Pitching: RHP Antoine Ayuso
Batting: LHB Ángel Pineda 0-0: Ball
Passed Ball!
Hamilton Swan to third
1-0: Foul Ball, location: 2F
1-1: Called Strike
1-2: Foul Ball, location: 2F
1-2: Ball
2-2: DOUBLE (Flyball, 78D)
Hamilton Swan scores
Batting: LHB Victor Schuur 0-0: Ball
1-0: Foul Ball, location: 2F
1-1: Ball
2-1: Ball
3-1: Hit by Pitch
Batting: LHB Michael Cochran 0-0: Called Strike
0-1: Ball
1-1: Ball
2-1: Fielders Choice at 2nd, 6-4 (Groundball, 6)
Ángel Pineda to third
Batting: RHB Dan Hendricks 0-0: Called Strike
Michael Cochran steals 2nd base
0-1: Swinging Strike
0-2: Fly out, F6 (Popup, 6MS)
Batting: RHB Alco Compagne 0-0: Called Strike
0-1: Called Strike
0-2: Ball
1-2: Ball
2-2: Foul Ball, location: 2F
2-2: Strikes out looking
Bottom of the 2nd over - 1 run, 2 hits, 0 errors, 2 left on base; Port Royal 0 - Pure Michigan 2
TOP OF THE 3RD
Port Royal Disaster batting - Pitching for Pure Michigan Great Lakers : RHP Paul Dudding
Batting: RHB Winston Sparks 0-0: Called Strike
0-1: Swinging Strike
0-2: Ball
1-2: Strikes out swinging
Batting: SHB Arsenio Sameiro 0-0: Ball
1-0: Hit by Pitch
Batting: RHB Loren Stallings 0-0: Ball
1-0: Called Strike
1-1: Called Strike
1-2: Strikes out swinging
Batting: RHB Mike Case 0-0: Ball
1-0: Fly out, F4 (Popup, 4M)
Top of the 3rd over - 0 runs, 0 hits, 0 errors, 1 left on base; Port Royal 0 - Pure Michigan 2
BOTTOM OF THE 3RD
Pure Michigan Great Lakers batting - Pitching for Port Royal Disaster : RHP Antoine Ayuso
Batting: LHB Dudley Gardner 0-0: Ground out 4-3 (Groundball, 4)
Batting: SHB Allen Pandey 0-0: SINGLE (Line Drive, 89M)
Batting: SHB Cyrille Baffi 0-0: Ball
1-0: Called Strike
1-1: Ball
2-1: Fly out, F8 (Line Drive, 8LD)
Batting: RHB Hamilton Swan 0-0: Ball
Allen Pandey is caught stealing 2nd base
Bottom of the 3rd over - 0 runs, 1 hit, 0 errors, 0 left on base; Port Royal 0 - Pure Michigan 2
TOP OF THE 4TH
Port Royal Disaster batting - Pitching for Pure Michigan Great Lakers : RHP Paul Dudding
Batting: RHB Gary Chalmers 0-0: SINGLE (Groundball, 6MD)
Batting: SHB Jesús Rodríguez 0-0: Called Strike
0-1: Ball
1-1: Ball
2-1: Foul Ball, location: 2F
2-2: Strikes out swinging
Batting: SHB Ramón García 0-0: Grounds into double play, 6-4-3 (Groundball, 6M)
Top of the 4th over - 0 runs, 1 hit, 0 errors, 0 left on base; Port Royal 0 - Pure Michigan 2
BOTTOM OF THE 4TH
Pure Michigan Great Lakers batting - Pitching for Port Royal Disaster : RHP Antoine Ayuso
Batting: RHB Hamilton Swan 0-0: Ball
1-0: Ball
2-0: SINGLE (Flyball, 7LM)
Batting: LHB Ángel Pineda 0-0: Grounds into double play, 4-6-3 (Groundball, 4)
Batting: LHB Victor Schuur 0-0: SINGLE (Groundball, 4D)
Batting: LHB Michael Cochran 0-0: Ball
1-0: Swinging Strike
1-1: Foul Ball, location: 2F
1-2: Ball
2-2: Foul Ball, location: 2F
2-2: Fly out, F7 (Flyball, 78D)
Bottom of the 4th over - 0 runs, 2 hits, 0 errors, 1 left on base; Port Royal 0 - Pure Michigan 2
TOP OF THE 5TH
Port Royal Disaster batting - Pitching for Pure Michigan Great Lakers : RHP Paul Dudding
Batting: LHB Ricky Payton 0-0: Called Strike
0-1: Ball
1-1: Foul Ball, location: 2F
1-2: SINGLE (Groundball, 4D)
Batting: RHB Nelson Abbey 0-0: Ball
Ricky Payton is caught stealing 2nd base
1-0: Foul Ball, location: 2F
1-1: Foul Ball, location: 2F
1-2: Ball
2-2: Ground out 6-3 (Groundball, 6)
Batting: RHB Winston Sparks 0-0: Called Strike
0-1: Ball
1-1: Swinging Strike
1-2: Foul Ball, location: 2F
1-2: Fly out, F9 (Flyball, 9S)
Top of the 5th over - 0 runs, 1 hit, 0 errors, 0 left on base; Port Royal 0 - Pure Michigan 2
BOTTOM OF THE 5TH
Pure Michigan Great Lakers batting - Pitching for Port Royal Disaster : RHP Antoine Ayuso
Batting: RHB Dan Hendricks 0-0: Ball
1-0: Ball
2-0: Ball
3-0: Called Strike
3-1: Called Strike
3-2: Foul Ball, location: 2F
3-2: Foul Ball, location: 2F
3-2: Foul Ball, location: 2F
3-2: Ground out 4-3 (Groundball, 4)
Batting: RHB Alco Compagne 0-0: Ball
1-0: Called Strike
1-1: Fly out, F8 (Flyball, 8RM)
Batting: LHB Dudley Gardner 0-0: Called Strike
0-1: Ball
1-1: Fly out, F9 (Flyball, 89S)
Bottom of the 5th over - 0 runs, 0 hits, 0 errors, 0 left on base; Port Royal 0 - Pure Michigan 2
TOP OF THE 6TH
Port Royal Disaster batting - Pitching for Pure Michigan Great Lakers : RHP Paul Dudding
Batting: SHB Arsenio Sameiro 0-0: Ball
1-0: Called Strike
1-1: Ball
2-1: Ball
3-1: Fly out, F8 (Line Drive, 8RM)
Batting: RHB Loren Stallings 0-0: Foul Ball, location: 2F
0-1: Ball
1-1: Swinging Strike
1-2: Ground out 5-3 (Groundball, 56S)
Batting: RHB Mike Case 0-0: Fly out, F8 (Flyball, 8RS)
Top of the 6th over - 0 runs, 0 hits, 0 errors, 0 left on base; Port Royal 0 - Pure Michigan 2
BOTTOM OF THE 6TH
Pure Michigan Great Lakers batting - Pitching for Port Royal Disaster : RHP Antoine Ayuso
Batting: SHB Allen Pandey 0-0: TRIPLE (Flyball, 8RXD)
Batting: SHB Cyrille Baffi 0-0: Ground out 4-3 (Groundball, 4S)
Batting: RHB Hamilton Swan 0-0: Ball
1-0: Ball
2-0: DOUBLE (Flyball, 89D)
Allen Pandey scores
Batting: LHB Ángel Pineda 0-0: Intentional Walk
Batting: LHB Victor Schuur 0-0: SINGLE (Groundball, 34D)
Hamilton Swan to third
Ángel Pineda to second
Runner from 3rd tries for Home, SAFE, no throw
Pitching: RHP Esteban García
Batting: LHB Michael Cochran 0-0: Called Strike
0-1: Swinging Strike
0-2: Ball
1-2: Ball
2-2: Foul Ball, location: 2F
2-2: Ball
3-2: Strikes out looking
Batting: RHB Dan Hendricks 0-0: Called Strike
0-1: Foul Ball, location: 2F
0-2: Ball
1-2: Fielders Choice at 2nd, 5-4 (Groundball, 56)
Bottom of the 6th over - 2 runs, 3 hits, 0 errors, 2 left on base; Port Royal 0 - Pure Michigan 4
TOP OF THE 7TH
Port Royal Disaster batting - Pitching for Pure Michigan Great Lakers : RHP Paul Dudding
Batting: RHB Gary Chalmers 0-0: Fly out, F9 (Flyball, 9S)
Batting: SHB Jesús Rodríguez 0-0: Foul Ball, location: 2F
0-1: Ball
1-1: Ball
2-1: Foul Ball, location: 2F
2-2: SINGLE (Groundball, 34D)
Batting: SHB Ramón García 0-0: Foul Ball, location: 2F
0-1: Foul Ball, location: 2F
0-2: Strikes out swinging
Batting: LHB Ricky Payton 0-0: Ball
1-0: Called Strike
1-1: Ball
2-1: SINGLE (Flyball, 89S)
Jesús Rodríguez to second
Runner from 2nd tries for 3rd, SAFE, no throw
Batting: RHB Nelson Abbey 0-0: Ball
1-0: Foul Ball, location: 2F
1-1: Ball
2-1: Foul Ball, location: 2F
2-2: Strikes out swinging
Top of the 7th over - 0 runs, 2 hits, 0 errors, 2 left on base; Port Royal 0 - Pure Michigan 4
BOTTOM OF THE 7TH
Pure Michigan Great Lakers batting - Pitching for Port Royal Disaster : RHP Esteban García
Batting: RHB Alco Compagne 0-0: Called Strike
0-1: Foul Ball, location: 2F
0-2: Foul Ball, location: 2F
0-2: Ball
1-2: SINGLE (Flyball, 9LM)
Batting: LHB Dudley Gardner 0-0: Ball
1-0: Ball
2-0: Called Strike
2-1: Ball
3-1: Swinging Strike
3-2: Foul Ball, location: 2F
3-2: Foul Ball, location: 2F
3-2: Base on Balls
Alco Compagne to second
Batting: SHB Allen Pandey 0-0: Foul Ball, location: 2F
0-1: Ball
Wild Pitch!
Alco Compagne to third
Dudley Gardner to second
1-1: DOUBLE (Flyball, 78D)
Alco Compagne scores
Dudley Gardner scores
Batting: SHB Cyrille Baffi 0-0: Ground out 4-3 (Groundball, 4M)
Allen Pandey to third
Batting: RHB Hamilton Swan 0-0: Ball
1-0: Called Strike
1-1: Ball
2-1: Ball
3-1: Swinging Strike
3-2: Fly out, F4 (Line Drive, 4)
Batting: LHB Ángel Pineda 0-0: Ball
1-0: Ball
2-0: Foul Ball, location: 2F
2-1: Swinging Strike
2-2: Foul Ball, location: 2F
2-2: Ball
3-2: Base on Balls
Batting: LHB Victor Schuur 0-0: Called Strike
0-1: Ball
1-1: Ball
2-1: Ball
3-1: Base on Balls
Ángel Pineda to second
Batting: LHB Michael Cochran 0-0: Foul Ball, location: 2F
0-1: Foul Ball, location: 2F
0-2: Foul Ball, location: 2F
0-2: Ball
1-2: Ball
2-2: Ball
3-2: Base on Balls
Allen Pandey scores
Ángel Pineda to third
Victor Schuur to second
Batting: RHB Dan Hendricks 0-0: Called Strike
0-1: Foul Ball, location: 2F
0-2: Strikes out swinging
Bottom of the 7th over - 3 runs, 2 hits, 0 errors, 3 left on base; Port Royal 0 - Pure Michigan 7
TOP OF THE 8TH
Port Royal Disaster batting - Pitching for Pure Michigan Great Lakers : RHP Paul Dudding
Now at C: Harith Karim
Now at 1B: Tony Gutiérrez
Batting: RHB Winston Sparks 0-0: Ball
1-0: Ball
2-0: Ground out 5-3 (Groundball, 56S)
Batting: SHB Arsenio Sameiro 0-0: Called Strike
0-1: Called Strike
0-2: Strikes out swinging
Batting: RHB Loren Stallings 0-0: SINGLE (Groundball, 5D)
Batting: RHB Mike Case 0-0: Called Strike
0-1: Called Strike
0-2: Fly out, F1 (Line Drive, 13)
Top of the 8th over - 0 runs, 1 hit, 0 errors, 1 left on base; Port Royal 0 - Pure Michigan 7
BOTTOM OF THE 8TH
Pure Michigan Great Lakers batting - Pitching for Port Royal Disaster : RHP Esteban García
Batting: RHB Alco Compagne 0-0: Called Strike
0-1: Foul Ball, location: 2F
0-2: Fly out, F7 (Flyball, 7S)
Pitching: RHP George Gustafson
Batting: LHB Dudley Gardner 0-0: Ball
1-0: Foul Ball, location: 2F
1-1: Ball
2-1: Fly out, F9 (Flyball, 9)
Batting: SHB Allen Pandey 0-0: Ball
1-0: Ball
2-0: Ball
3-0: Called Strike
3-1: Called Strike
3-2: Base on Balls
Batting: SHB Cyrille Baffi 0-0: SINGLE (Line Drive, 7S)
Allen Pandey to second
Allen Pandey to third
Batting: RHB Hamilton Swan 0-0: Called Strike
0-1: Fly out, F1 (Line Drive, 15)
Bottom of the 8th over - 0 runs, 1 hit, 0 errors, 2 left on base; Port Royal 0 - Pure Michigan 7
TOP OF THE 9TH
Port Royal Disaster batting - Pitching for Pure Michigan Great Lakers : RHP Paul Dudding
Batting: RHB Gary Chalmers 0-0: Called Strike
0-1: Ball
1-1: Fly out, F4 (Popup, 34)
Batting: SHB Jesús Rodríguez 0-0: Ball
1-0: Foul Ball, location: 2F
1-1: Foul Ball, location: 2F
1-2: Strikes out swinging, 2-3 out at first.
Batting: SHB Ramón García 0-0: Swinging Strike
0-1: Ball
1-1: Called Strike
1-2: Ball
2-2: Foul Ball, location: 2F
2-2: Foul Ball, location: 2F
2-2: Ball
3-2: Ground out 6-3 (Groundball, 6)
Top of the 9th over - 0 runs, 0 hits, 0 errors, 0 left on base; Port Royal 0 - Pure Michigan 7
Wednesday, September 19th, 2018 - OOTP Baseball 18.8 Build 76